 Dungeon Crawl Stone Soup version 0.32-a0-675-gdc239d62e1 (webtiles) character file.

Game seed: 13998670920756953397

20 ragingrage the Grave Robber (level 2, -1/34 HPs)
             Began as a Mountain Dwarf Wanderer on Mar 12, 2024.
             Slain by a hobgoblin (5 damage)
             ... on level 1 of the Dungeon.
             The game lasted 00:01:04 (471 turns).

ragingrage the Grave Robber (MDWn)                   Turns: 471, Time: 00:01:04

Health: -1/34      AC:  2    Str: 13    XL:     2   Next: 58%
Magic:  1/3        EV: 11    Int: 15    God:
Gold:   22         SH:  0    Dex:  7    Spells: 1/3 levels left

rFire   . . .        f - +0 spear
rCold   . . .        (no shield)
rNeg    . . .        d - +0 robe
rPois   .            (no helmet)
rElec   .            (no cloak)
rCorr   .            (no gloves)
SInv    .            (no boots)
Will    .....        (no amulet) Stlth
                     (no ring)
HPRegen 0.25/turn    (no ring)
MPRegen 0.08/turn

%: no passive effects
@: berserking, very quick
A: runic magic, artefact enchanting
a: no special abilities


You were on level 1 of the Dungeon.
You visited 1 branch of the dungeon, and saw 1 of its levels.

You collected 22 gold pieces.

Inventory:

Hand Weapons
 a - a +0 dagger
 f - a +0 spear (weapon)
Missiles
 b - 7 boomerangs
Armour
 d - a +0 robe (worn)
Scrolls
 c - a scroll of teleportation
 e - a scroll of enchant weapon {unknown}
 g - a scroll of revelation {unknown}
 h - a scroll of identify {unknown}
Potions
 i - a potion of enlightenment {unknown}
 j - a potion of berserk rage


   Skills:
 + Level 1.5 Fighting
 - Level 2.4 Throwing
 - Level 1.1 Armour
 - Level 1.0 Spellcasting
 - Level 1.7 Conjurations
 - Level 4.0 Necromancy


You had one spell level left.
You knew the following spells:

 Your Spells              Type           Power      Damage    Failure   Level
a - Necrotise             Necr           48%        1d6       4%          1
b - Kiss of Death         Conj/Necr      36%        2d8       8%          1

Your spell library contained the following spells:

 Spells                   Type           Power      Damage    Failure   Level
 Magic Dart               Conj           24%        1d4       12%         1
 Sublimation of Blood     Necr           12%        N/A       7%          2
 Dazzling Flash           Conj/Hex       6%         N/A       45%         3


Dungeon Overview and Level Annotations

Branches:
Dungeon (1/15)

Altars:


Innate Abilities, Weirdness & Mutations

Your spellcasting is much less encumbered by armour.
You can use scrolls of enchantment on lesser artefacts.


Message History

The ball python bites you but does no damage.
The ball python constricts you.
The goblin hits your ball python skeleton with a +0 club.
The hobgoblin hits you.
Your ball python skeleton barely misses the hobgoblin.
You hit the hobgoblin. The ball python bites you.
The ball python constricts you.
The goblin hits your ball python skeleton with a +0 club.
Your ball python skeleton is destroyed!
The hobgoblin hits you but does no damage.
The ball python bites you. The ball python constricts you.
The ball python's grasp on you weakens, but your attempt to escape fails.
The ball python bites you but does no damage.
The ball python constricts you. The hobgoblin hits you.
The ball python's grasp on you weakens, but your attempt to escape fails.
The ball python bites you. The ball python constricts you.
The hobgoblin hits you.
* * * LOW HITPOINT WARNING * * *
You escape the ball python's grasp.
The goblin closely misses you.
You see here a blue potion.
k - a blue potion The goblin hits you with a +0 club.
* * * LOW HITPOINT WARNING * * *
The hobgoblin closely misses you.
It was a potion of curing.
You feel better. The goblin misses you. The hobgoblin hits you.
* * * LOW HITPOINT WARNING * * *
It was a potion of berserk rage.
A red film seems to cover your vision as you go berserk!
You feel yourself moving faster!
You feel mighty! The goblin hits you with a +0 club.
* * * LOW HITPOINT WARNING * * *
The hobgoblin hits you.
* * * LOW HITPOINT WARNING * * *
You puncture the goblin!
You kill the goblin!
The hobgoblin misses you.
You closely miss the hobgoblin. You closely miss the hobgoblin.
The hobgoblin hits you.
You die...

...........###.#.........
............. .#.........
#.....##..##.. ..........
....#.......#.##.........
.......####. .##.........
........# #. #.......[.
.........# #.. #S........
.........# #..##g########
.........# #.##)@#
.........# #.#..##
.........# #.#.##
........# #...#
.......#####...#
......>........#
#.#####).......# ###
#........# #........#


You could see a hobgoblin and a ball python.

Vanquished Creatures
  A dart slug (D:1)
  2 ball pythons (D:1)
  2 bats (D:1)
  2 endoplasms (D:1)
  3 goblins (D:1)
  A hobgoblin (D:1)
  3 kobolds (D:1)
14 creatures vanquished.

Vanquished Creatures (collateral kills)
  A goblin (D:1)
1 creature vanquished.

Grand Total: 15 creatures vanquished

Notes
Turn   | Place    | Note
-------+----------+-------------------------------------------
     0 | D:1      | ragingrage the Mountain Dwarf Wanderer began the quest for
                  | the Orb.
     0 | D:1      | ragingrage set off with the following items: a +0 dagger, 7
                  | boomerangs, a scroll of teleportation, a +0 robe; and the
                  | following spells available to memorise: Necrotise, Kiss of
                  | Death, Sublimation of Blood, Magic Dart, Dazzling Flash.
     0 | D:1      | Reached XP level 1. HP: 14/14 MP: 2/2
    52 | D:1      | Learned a level 1 spell: Necrotise
    70 | D:1      | Learned a level 1 spell: Kiss of Death
   131 | D:1      | Reached XP level 2. HP: 5/20 MP: 0/3
   206 | D:1      | Reached skill level 4 in Necromancy
   287 | D:1      | Reached skill level 1 in Fighting
   471 | D:1      | Slain by a hobgoblin

Illustrated notes

Levels and vault maps discovered:
D:1:      lightli_arrival_statuegarden, layout_rooms, minmay_tetromino_s4

Skill      XL: |  1  2 |
---------------+-------+-----
Necromancy     | 4 |  4.0
Fighting       | 1 |  1.5
Throwing       | |  2.4
Armour         | |  1.1
Spellcasting   | |  1.0
Conjurations   | |  1.7

Action                     || total
---------------------------++-------
  Melee: Dagger            ||    20
         Spear             ||    22
  Throw: Boomerang         ||     5
   Cast: Necrotise         ||    15
    Use: Potion            ||     2
 Armour: Robe              ||    65
  Dodge: Dodged            ||    32

Table legend: (Time is in decaauts)
 A = Elapsed time spent in this place.
 B = Non-inter-level travel time spent in this place.
 C = Inter-level travel time spent in this place.
 D = Time resting spent in this place.
 E = Time spent auto-exploring this place.
 F = Levels seen in this place.
 G = Mean time per level.
                   A        B        C        D        E       F      G
               +--------+--------+--------+--------+--------+-----+--------+
         Total |    472 |    472 |      0 |    106 |    209 |   1 |  472.0 |
       Dungeon |    472 |    472 |      0 |    106 |    209 |   1 |  472.0 |
               +--------+--------+--------+--------+--------+-----+--------+

Top non-repeatable levels by time:
     D:1: 472 daAuts
